 Dungeon Crawl Stone Soup version 0.23-a0-8-gb809bb7 (webtiles) character file.

85 tatocazan the Slasher (level 4, -2/39 HPs)
             Began as a Minotaur Fighter on Aug 2, 2018.
             Slain by a gnoll
             ... wielding a +0 halberd
              (3 damage)
             ... on level 2 of the Dungeon.
             The game lasted 00:02:42 (1091 turns).

tatocazan the Slasher (Minotaur Fighter)            Turns: 1091, Time: 00:02:43

Health: -2/39      AC:  7    Str: 21    XL:     4   Next: 25%
Magic:  3/3        EV:  7    Int:  5    God:
Gold:   63         SH:  8    Dex: 10    Spells: 3/3 levels left

rFire    . . .     SeeInvis .   a - +0 long sword
rCold    . . .     Gourm    .   c - +0 shield
rNeg     . . .     Faith    .   b - +0 scale mail
rPois    .         Spirit   .   (helmet restricted)
rElec    .         Reflect  .   h - +0 cloak
rCorr    .         Harm     .   (no gloves)
MR       .....                  (no boots)
Stlth    ..........             (no amulet)
HPRegen  0.13/turn              (no ring)
MPRegen  0.08/turn              (no ring)

@: drained
A: retaliatory headbutt, horns 2
a: no special abilities


You were on level 2 of the Dungeon.
You were not hungry.

You visited 1 branch of the dungeon, and saw 2 of its levels.

You collected 63 gold pieces.

Inventory:

Hand Weapons
 a - a +0 long sword (weapon)
Armour
 b - a +0 scale mail (worn)
 c - a +0 shield (worn)
 h - a +0 cloak (worn)
Jewellery
 m - a cursed ring of teleportation {unknown}
Scrolls
 e - 3 scrolls of identify {unknown}
 g - a scroll of amnesia {unknown}
 i - a scroll of random uselessness {unknown}
 k - a scroll of noise {unknown}
 l - a scroll of teleportation {unknown}
Potions
 d - a potion of might
 j - a potion of haste {unknown}
Comestibles
 f - a ration


   Skills:
 - Level 3.6(2.5) Fighting
 + Level 5.5(4.4) Long Blades
 - Level 3.6(2.5) Armour
 - Level 3.6(2.5) Shields


You had 3 spell levels left.
You didn't know any spells.
Your spell library was empty.

Dungeon Overview and Level Annotations

Branches:
Dungeon (2/15)

Altars:


Innate Abilities, Weirdness & Mutations

You reflexively headbutt those who attack you in melee.
You have a pair of horns on your head.


Message History

You are too injured to fight recklessly!
You are too injured to fight recklessly!
You are too injured to fight recklessly!
You are too injured to fight recklessly!
You are too injured to fight recklessly!
You shred the net and break free! The gnoll hits you but does no damage.
You block the gnoll's attack.
You hit the gnoll but do no damage. The gnoll hits you but does no damage.
The gnoll closely misses you.
You hit the gnoll but do no damage. You block the gnoll's attack.
The gnoll hits you from afar with a halberd!
The gnoll hits you but does no damage.
You barely miss the gnoll. Your headbutt misses the gnoll. The gnoll hits you.
* * * LOW HITPOINT WARNING * * *
The gnoll hits you from afar with a halberd.
* * * LOW HITPOINT WARNING * * *
You closely miss the gnoll. The gnoll hits you.
* * * LOW HITPOINT WARNING * * *
The gnoll hits you from afar with a halberd.
You die...

.#.##.(....(.............
.#.####.......#....#####
...# #.....#####..#
...####....## ....
...##......## ...
.###.....(..###### .
..........)###... ...
.###.##..#)###.####....%
................@ggb....
#........#..#..###g.....
...............# .....
.###....#...#...# .... .#
#..#...#####... ... ..
.......# .##. .. .
...###. .. . # #. ...


You could see 2 gnolls, a hobgoblin and a bat.

Vanquished Creatures
  A gnoll (D:2)
  3 adders (D:2)
  An ooze (D:1)
  6 dart slugs
  A leopard gecko (D:2)
  4 goblins
  4 hobgoblins
  4 jackals
  3 bats
  4 kobolds
  2 rats (D:1)
33 creatures vanquished.

Vanquished Creatures (others)
  A leopard gecko (D:1)
1 creature vanquished.

Grand Total: 34 creatures vanquished

Notes
Turn   | Place    | Note
-------+----------+-------------------------------------------
     0 | D:1      | tatocazan the Minotaur Fighter began the quest for the Orb.
     0 | D:1      | Reached XP level 1. HP: 19/19 MP: 0/0
    20 | D:1      | Reached skill level 3 in Long Blades
    20 | D:1      | Reached XP level 2. HP: 26/26 MP: 1/1
   312 | D:1      | Reached skill level 4 in Long Blades
   716 | D:2      | Reached XP level 3. HP: 28/31 MP: 2/2
   785 | D:2      | Reached skill level 5 in Long Blades
   906 | D:2      | Reached XP level 4. HP: 24/39 MP: 3/3
  1091 | D:2      | HP: 1/39 [gnoll (6)]
  1091 | D:2      | Slain by a gnoll

Vault maps used:
D:1:      ebering_hopf_link, minmay_misc_feat_tower, lemuel_flame_loot_1
D:2:      lemuel_coloured_pillars_altar

Skill      XL: |  1  2  3 |
---------------+----------+-----
Long Blades    | 3 4 5 |  5.5
Fighting       | |  3.6
Armour         | |  3.6
Shields        | |  3.6

Action                   |  1- 3 |  4- 6 || total
-------------------------+-------+-------++-------
Melee: Long sword        |    82 |    18 ||   100
       Headbutt          |    11 |     2 ||    13
  Eat: Chunk             |       |     1 ||     1
Armor: Scale mail        |    48 |    13 ||    61
Dodge: Dodged            |    30 |     6 ||    36
Block: Shield            |    44 |    15 ||    59
       Rpst.: Long sword |     6 |       ||     6

Table legend:
 A = Spawn XP
 B = Non-spawn XP
 C = Spawn XP percentage of total XP
 D = Spawn monster count
 E = Non-spawn monster count
 F = Spawn count percentage of total count
 G = Total turns spent on level
                    A         B        C        D         E        F      G
               +---------+---------+-------+---------+---------+-------+---------
         Total |       0 |     122 |   0.0 |       0 |      33 |   0.0 |  1091
               +---------+---------+-------+---------+---------+-------+---------
           D:1 |       0 |      37 |   0.0 |       0 |      15 |   0.0 |   701
           D:2 |       0 |      85 |   0.0 |       0 |      18 |   0.0 |   390
               +---------+---------+-------+---------+---------+-------+---------
